 Dungeon Crawl Stone Soup version 0.21-a0-348-ga060c75 (webtiles) character file.

11 vishdafish the Skirmisher (level 2, 8/24 HPs)
             Began as a Demonspawn Berserker on Oct 6, 2017.
             Was a Follower of Trog.
             Quit the game on level 1 of the Dungeon.
             The game lasted 00:00:36 (126 turns).

vishdafish the Skirmisher (Demonspawn Berserker)     Turns: 126, Time: 00:00:37

Health: 8/24       AC:  2    Str: 17    XL:     2   Next: 17%
Magic:  2/2        EV: 12    Int:  8    God:    Trog [*.....]
Gold:   22         SH:  0    Dex: 12    Spells: 1/1 levels left

rFire    . . .     SeeInvis .   a - +0 hand axe
rCold    . . .     Gourm    .   (no shield)
rNeg     . . .     Faith    .   b - +0 animal skin
rPois    .         Spirit   .   (no helmet)
rElec    .         Reflect  .   (no cloak)
rCorr    .         Harm     .   (no gloves)
MR       .....                  (no boots)
Stlth    +.........             (no amulet)
HPRegen  0.08/turn              (no ring)
MPRegen  0.08/turn              (no ring)

@: berserk cooldown, slowed, very slow
A: powered by pain 1
a: Berserk, Burn Spellbooks, Renounce Religion


You were on level 1 of the Dungeon.
You worshipped Trog.
Trog was aware of your devotion.
You were not hungry.

You visited 1 branch of the dungeon, and saw 1 of its levels.

You collected 22 gold pieces.

Inventory:

Hand Weapons
 a - a +0 hand axe (weapon)
Armour
 b - a +0 animal skin (worn)
Scrolls
 d - a scroll of teleportation {unknown}
 e - a scroll of identify {unknown}
 f - a scroll of remove curse {unknown}
Comestibles
 c - a bread ration


   Skills:
 + Level 3.1 Fighting
 * Level 3.0 Axes
 + Level 1.9 Armour
 + Level 1.9 Dodging


You had one spell level left.
You didn't know any spells.

Dungeon Overview and Level Annotations

Branches:
Dungeon (1/15)

Altars:


Innate Abilities, Weirdness & Mutations

You sometimes gain a little power by taking damage.


Message History

You slash the dart slug!
You kill the dart slug!
Trog accepts your kill.
You have reached level 2!
Your demonic ancestry asserts itself...
You feel energised by your suffering.
You see here a scroll labeled VOIQEVUQONK.
You slash the dart slug!
The dart slug is almost dead.
You slice the dart slug!!
You kill the dart slug!
Trog accepts your kill.
Your Axes skill increases to level 3!
You see here a dart slug corpse.
You feel a strong urge to attack something.
You are no longer berserk.
You are exhausted.
You feel yourself slow down.
f - a scroll labeled VOIQEVUQONK Are you sure you want to abandon this character and quit the game? (Confirm with "yes".)

.. ... ...#. ... .........
.... ##.#...... ...#
..#....# #.... .......#
##..#.##.#....# #
..............###. ##
..#.#†@#†....... .##
................# ..##
........).....###
#..#..##.#..#.#...)..$.###
##.#..# ..........((......
.#.#..###........(.#..####
...#..##....(............
####..##...##.#..(.#.#####
#........................


There were no monsters in sight!

Vanquished Creatures
  2 dart slugs (D:1)
  A ball python (D:1)
  A hobgoblin (D:1)
  3 kobolds (D:1)
  A rat (D:1)
8 creatures vanquished.

Notes
Turn   | Place    | Note
-------+----------+-------------------------------------------
     0 | D:1      | vishdafish the Demonspawn Berserker began the quest for the Orb.
     0 | D:1      | Reached XP level 1. HP: 18/18 MP: 1/1
   119 | D:1      | Gained mutation: You sometimes gain a little power by taking damage. [demonic ancestry]
   119 | D:1      | Reached XP level 2. HP: 12/24 MP: 2/2
   126 | D:1      | Quit the game

Vault maps used:
D:1:      dpeg_chamrin_arrival_tetris, minmay_tetromino_o4

Skill      XL: |  1  2 |
---------------+-------+-----
Axes           | 3 |  3.0
Fighting       | |  3.1
Armour         | |  1.9
Dodging        | |  1.9

Action                   || total
-------------------------++-------
Melee: Hand axe          ||    16
Invok: Berserk           ||     1
Armor: Animal skin       ||     5
Dodge: Dodged            ||    10

Table legend:
 A = Spawn XP
 B = Non-spawn XP
 C = Spawn XP percentage of total XP
 D = Spawn monster count
 E = Non-spawn monster count
 F = Spawn count percentage of total count
 G = Total turns spent on level
                    A         B        C        D         E        F      G
               +---------+---------+-------+---------+---------+-------+---------
         Total |       0 |      17 |   0.0 |       0 |       8 |   0.0 |   126
               +---------+---------+-------+---------+---------+-------+---------
           D:1 |       0 |      17 |   0.0 |       0 |       8 |   0.0 |   126
               +---------+---------+-------+---------+---------+-------+---------
